 Dungeon Crawl Stone Soup version 0.29.0-13-gc9e81de378 (webtiles) character file.

Game seed: 16263420400469728554

50121 SnakkuSnakku7 the Basher (level 14, -14/108 (115) HPs)
             Began as a Barachi Warper on Sept 10, 2022.
             Hit by a large rock thrown by a stone giant (24 damage)
             ... on level 13 of the Dungeon.
             The game lasted 00:44:27 (32437 turns).

SnakkuSnakku7 the Basher (Barachi Warper)          Turns: 32437, Time: 00:44:27

HP:   -14/108 (115) AC: 25    Str: 17    XL:     14   Next: 53%
MP:   17/17         EV: 13    Int: 15    God:
Gold: 1992          SH:  5    Dex: 11    Spells: 17/17 levels left

rFire   . . .      SeeInvis .   a - +8 broad axe
rCold   + . .      Faith    .   O - +0 buckler
rNeg    . . .      Spirit   .   r - +5 chain mail {Will+}
rPois   .          Reflect  .   u - +2 hat
rElec   .          Harm     .   I - +2 cloak
rCorr   .          Rampage  +   b - +1 pair of gloves of Action {Rampage}
Will    ++...                   (no boots)
Stlth   ..........              (no amulet)
HPRegen 0.28/turn               g - ring of protection from cold
MPRegen 0.15/turn               k - +4 ring of evasion

@: unable to hop, drained, slow
A: amphibious, slowness 1, strong legs 2, +LOS
a: Hop


You were on level 13 of the Dungeon.
You visited 4 branches of the dungeon, and saw 21 of its levels.
You also visited: Sewer and Ossuary.

You collected 2805 gold pieces.
You spent 813 gold pieces at shops.

Inventory:

Hand Weapons
 a - a +8 broad axe (weapon)
 L - a +2 flail of protection
Missiles
 v - a boomerang of dispersal
 x - 43 poisoned darts (quivered)
 H - 9 boomerangs
 N - a throwing net
Armour
 b - the +1 pair of gloves of Action (worn) {Rampage}
   (You acquired it on level 4 of the Dungeon)

   Rampage:   It bestows one free step when moving towards enemies.
 r - a +5 chain mail of willpower (worn)
 u - a +2 hat (worn)
 I - a +2 cloak (worn)
 O - a +0 buckler (worn)
Jewellery
 g - a ring of protection from cold (left hand)
 i - a ring of see invisible
 k - a +4 ring of evasion (right hand)
 s - a ring of protection from fire
 t - a ring of resist corrosion
 P - a ring of willpower
Wands
 e - a wand of charming (13)
 E - a wand of digging (2)
 M - a wand of flame (24)
Scrolls
 c - 4 scrolls of blinking
 d - 5 scrolls of poison
 l - 2 scrolls of magic mapping
 o - 3 scrolls of enchant armour
 w - 9 scrolls of fog
 y - 8 scrolls of vulnerability
 F - a scroll of teleportation
 K - 4 scrolls of immolation
Potions
 f - a potion of flight
 h - 3 potions of resistance
 j - 2 potions of haste
 m - a potion of might
 n - 5 potions of brilliance
 p - 10 potions of mutation
 z - a potion of magic
 G - 4 potions of attraction
Miscellaneous
 B - a tin of tremorstones (1/2)


   Skills:
 - Level 12.0 Fighting
 + Level 7.9(11.9) Axes
 - Level 14.0(14.7) Maces & Flails
 - Level 10.0 Throwing
 - Level 11.0 Armour
 - Level 8.1 Dodging
 - Level 5.0 Shields
 - Level 2.1 Spellcasting
 - Level 3.2 Translocations
 - Level 10.0 Evocations


You had 17 spell levels left.
You didn't know any spells.
Your spell library contained the following spells:

 Spells                   Type           Power      Damage    Failure   Level
 Apportation              Tloc           22%        N/A       54%         1
 Blink                    Tloc           22%        N/A       69%         2
 Gell's Gravitas          Tloc           11%        N/A       89%         3
 Lesser Beckoning         Tloc           11%        N/A       89%         3
 Teleport Other           Tloc           11%        N/A       89%         3
 Magic Dart               Conj           4%         1d3       95%         1
 Necrotise                Necr           4%         1d4       95%         1
 Summon Small Mammal      Summ           4%         N/A       95%         1
 Call Imp                 Summ           1%         N/A       98%         2
 Ensorcelled Hibernation  Hex/Ice        2%         N/A       98%         2
 Passwall                 Tmut/Erth      0%         N/A       98%         2
 Dazzling Flash           Conj/Hex       2%         N/A       100%        3
 Mephitic Cloud           Conj/Pois/Air  1%         N/A       100%        3
 Spider Form              Tmut/Pois      1%         N/A       100%        3
 Swiftness                Air            1%         N/A       100%        3
 Anguish                  Hex/Necr       0%         N/A       100%        4
 Corpse Rot               Necr/Pois/Air  1%         N/A       100%        4
 Dispel Undead            Necr           1%         3d6       100%        4
 Iskenderun's Mystic Bla  Conj/Tloc      6%         2d4       100%        4
 Leda's Liquefaction      Hex/Erth       0%         N/A       100%        4
 Petrify                  Tmut/Erth      1%         N/A       100%        4
 Lee's Rapid Deconstruct  Erth           0%         3d5*      100%        5
 Manifold Assault         Tloc           11%        N/A       100%        5
 Metabolic Englaciation   Hex/Ice        0%         N/A       100%        5
 Death Channel            Necr           0%         N/A       100%        6
 Starburst                Conj/Fire      0%         6d3       100%        6
 Statue Form              Tmut/Erth      0%         N/A       100%        6


Dungeon Overview and Level Annotations

Branches:
Dungeon (13/15)            Temple (1/1) D:5            Lair (5/5) D:10
 Shoals (0/4) Lair:2        Snake (0/4) Lair:2        Slime (0/5) Lair:4
    Orc (2/2) D:12          Sewer (visited)         Ossuary (visited)
    Elf: Orc:2       Vaults: D:13-14

Altars:
Ashenzari
Cheibriados
Dithmenos
Elyvilon
Fedhas
Gozag
Hepliaklqana
Kikubaaqudgha
Nemelex Xobeh
Qazlal
Ru
Trog
Uskayaw
Vehumet
Xom
Yredelemnul
Zin
The Shining One
Jiyva

Shops:
D:2 :[*   Orc:2 [

Annotations:
D:12 exclusion: orange crystal statue


Innate Abilities, Weirdness & Mutations

You are amphibious.
You cover ground slowly.
You can hop long distances.
You have an extended range of vision and can be seen from far away.


Message History

You slash the stone giant!
The stone giant is heavily wounded.
The stone giant hits you!
You are too injured to fight recklessly!
You are too injured to fight recklessly!
You are too injured to fight recklessly!
You are too injured to fight recklessly!
You barely miss the stone giant.
The stone giant is heavily wounded.
The stone giant barely misses you.
You hit the stone giant.
The stone giant is heavily wounded.
The stone giant hits you!
You completely miss the stone giant.
The stone giant is heavily wounded.
The stone giant closely misses you.
You hit the stone giant but do no damage.
The stone giant is heavily wounded.
The stone giant hits you but does no damage.
Okay, then.
Okay, then.
You hit the stone giant but do no damage.
The stone giant is heavily wounded.
The stone giant hits you!!
* * * LOW HITPOINT WARNING * * *
As you read the scroll of fear, it crumbles to dust.
You assume a fearsome visage.
The stone giant looks frightened!
Okay, then.
Blink to where?
Press: ? - help, Dir - move target
Okay, then.
Hop to where?
Press: ? - help, Dir - move target A cyclops comes into view.
Boing!
Cornered, the stone giant turns to fight!
The stone giant throws a large rock.
The large rock hits you!
* * * LOW HITPOINT WARNING * * *
The stone giant throws a large rock.
The large rock hits you!!
You die...

#..## ##C#.#..# .## ....
#C###.. .###.# ....
##.○###?.## ..# ...
##..#.#.##.#. .. ##..
#..#...####... .
#...##.#..###..###..
##..#.#..##..##..##..
#...#..###...##...### #
###.#@###.....##.....#
##.##...##.......#..#.....
.......#.........#..#.....
........(................
#.#..###...#.#...######..
..#..(..##..##### ###
#..##.<.##.## #.##.#.#..##
### ....#.....## ####..


You could see a stone giant and a cyclops.

Vanquished Creatures
  Jorgrun (D:12)
  A stone giant (D:13)
  An ice dragon (Lair:5)
  8 hydras
  A boulder beetle (D:12)
  3 two-headed ogres
  4 death yaks
  Urug (D:12)
  Nergalle (D:12)
  2 lindwurms (Lair:5)
  An ugly thing (D:12)
  A cyclops (D:13)
  A manticore (D:13)
  11 elephants
  Joseph (D:7)
  2 black mambas
  A guardian serpent (Lair:2)
  7 cane toads
  2 merfolk sirens
  6 torpor snails (Lair:5)
  Maggie (D:7)
  6 komodo dragons
  A rime drake (Lair:1)
  2 merfolk (Lair:3)
  5 trolls
  9 hornets
  A polar bear (Lair:4)
  A wolf spider simulacrum (D:13)
  3 tyrant leeches (Lair:5)
  16 slime creatures
  8 blink frogs
  Prince Ribbit (D:8)
  2 dream sheep (Lair:5)
  Sigmund (D:3)
  2 shadows (D:12)
  3 wyverns
  A vampire (D:11)
  3 steam dragons
  Grum (D:8)
  24 yaks
  3 basilisks
  Menkaure (D:6)
  The ghost of trckry the Chiller, an amateur BaIE (D:4)
  An acid dragon (D:11)
  11 water moccasins
  4 wargs (D:12)
  8 orc warriors
  2 sky beasts
  4 ogres
  A boggart (D:13)
  12 wolves
  6 centaurs
  A tengu (shapeshifter) (D:13)
  A phantom (D:5)
  6 kobold brigands
  9 bullfrogs
  3 scorpions
  4 necrophages
  4 wights (D:8)
  10 killer bees
  6 howler monkeys (D:10)
  3 electric eels
  A lava snake (D:9)
  3 centaur zombies (Ossuary)
  2 jellies (Lair:4)
  4 orc priests
  2 hounds
  A gnoll bouda (D:8)
  8 iguanas
  10 orc wizards
  5 mummies
  13 gnolls
  2 river rats (Sewer)
  15 adders
  2 white imps (D:7)
  2 ufetubi
  2 worms (D:2)
  4 dart slugs
  39 orcs
  9 ball pythons
  11 endoplasms
  7 giant cockroaches
  13 goblins
  9 hobgoblins
  10 jackals
  5 quokkas
  4 bats
  6 frilled lizards
  3 hobgoblin zombies (Ossuary)
  29 kobolds
  8 rats
477 creatures vanquished.

Vanquished Creatures (others)
  An elephant (Lair:5)
  22 fungi
  78 plants
101 creatures vanquished.

Grand Total: 578 creatures vanquished

Notes
Turn   | Place    | Note
-------+----------+-------------------------------------------
     0 | D:1      | SnakkuSnakku7 the Barachi Warper began the quest for the
                  | Orb.
     0 | D:1      | Reached XP level 1. HP: 17/17 MP: 3/3
   138 | D:1      | Reached XP level 2. HP: 23/23 MP: 5/5
   234 | D:1      | Reached skill level 3 in Maces & Flails
   284 | D:1      | Reached XP level 3. HP: 22/29 MP: 6/6
  1748 | D:2      | Reached XP level 4. HP: 4/37 MP: 7/7
  2219 | D:2      | Found Momumogg's General Store.
  2476 | D:2      | Found Jihuimpy's Book Shop.
  2560 | D:2      | Found Vys Soq's Armour Shoppe.
  2817 | D:3      | Found a snail-covered altar of Cheibriados.
  2844 | D:3      | Reached skill level 4 in Maces & Flails
  3112 | D:4      | Reached XP level 5. HP: 38/43 MP: 8/8
  3578 | D:3      | Reached skill level 5 in Fighting
  3644 | D:3      | Noticed Sigmund
  3974 | D:4      | Reached skill level 5 in Maces & Flails
  3974 | D:4      | Reached XP level 6. HP: 33/51 MP: 9/9
  5306 | D:2      | Found Ynwiwk's Magic Scroll Shop.
  5311 | D:2      | Bought a scroll of noise for 11 gold pieces
  5442 | D:3      | Found a faded altar of an unknown god.
  5670 | D:3      | Killed Sigmund
  5671 | D:3      | Reached skill level 7 in Maces & Flails
  5671 | D:3      | Reached XP level 7. HP: 56/56 MP: 10/10
  6133 | D:4      | Found a sparkling altar of Nemelex Xobeh.
  6630 | D:4      | Found a white marble altar of Elyvilon.
  6654 | D:4      | Found a large runed translucent door.
  6654 | D:4      | Found a large runed translucent door.
  6658 | D:4      | Noticed trckry's ghost (amateur BaIE)
  6665 | D:4      | Found a radiant altar of Vehumet.
  7040 | D:4      | Killed trckry's ghost
  7041 | D:4      | Reached skill level 8 in Maces & Flails
  7052 | D:4      | Identified 2 scrolls of acquirement
  7052 | D:4      | Acquired the +1 pair of gloves of Action {Rampage}
  7054 | D:4      | Acquired 1092 gold pieces
  7146 | D:2      | Bought a potion of haste for 110 gold pieces
  7146 | D:2      | Bought a +4 chain mail of willpower for 346 gold pieces
  7146 | D:2      | Bought a potion of haste for 110 gold pieces
  7146 | D:2      | Bought a scroll of blinking for 82 gold pieces
  7154 | D:2      | Bought a scroll of identify for 22 gold pieces
  7154 | D:2      | Bought a scroll of fog for 44 gold pieces
  7154 | D:2      | Bought a scroll of identify for 22 gold pieces
  7154 | D:2      | Bought a scroll of identify for 22 gold pieces
  7154 | D:2      | Bought a scroll of poison for 44 gold pieces
  7216 | D:5      | Entered Level 5 of the Dungeon
  7289 | D:5      | Found a staircase to the Ecumenical Temple.
  7342 | D:5      | Reached XP level 8. HP: 57/62 MP: 11/11
  7508 | D:5      | Found a sand-covered staircase.
  7516 | Ossuary  | Entered an ossuary
  7546 | Ossuary  | Reached skill level 9 in Maces & Flails
  8321 | Temple   | Entered the Ecumenical Temple
  9332 | D:5      | Found a hazy altar of Hepliaklqana.
  9333 | D:5      | Found a shadowy altar of Dithmenos.
  9333 | D:5      | Noticed a shadow
  9340 | D:5      | Reached skill level 10 in Maces & Flails
  9505 | D:6      | Noticed Menkaure
  9619 | D:6      | Reached XP level 9. HP: 35/68 MP: 12/12
  9678 | D:6      | Reached skill level 11 in Maces & Flails
  9750 | D:6      | Found a glowing drain.
  9837 | Sewer    | Entered a sewer
 10253 | D:6      | Killed Menkaure
 10331 | D:6      | Reached skill level 12 in Maces & Flails
 10395 | D:6      | Found a hide-covered altar of Uskayaw.
 10917 | D:7      | Noticed Joseph
 10943 | D:7      | Killed Joseph
 10944 | D:7      | Reached skill level 13 in Maces & Flails
 11209 | D:7      | Reached XP level 10. HP: 74/74 MP: 13/13
 11272 | D:7      | Reached skill level 14 in Maces & Flails
 11322 | D:7      | Noticed a five-headed hydra
 12160 | D:7      | Noticed Maggie
 12161 | D:7      | Found a shimmering altar of Xom.
 12180 | D:7      | Killed Maggie
 12631 | D:8      | Found a blossoming altar of Fedhas.
 12697 | D:8      | Noticed Prince Ribbit
 12706 | D:8      | Killed Prince Ribbit
 12781 | D:8      | Found a glowing silver altar of Zin.
 12797 | D:8      | Found a sacrificial altar of Ru.
 12812 | D:8      | Found an ancient bone altar of Kikubaaqudgha.
 12909 | D:8      | Noticed Grum
 13194 | D:8      | Killed Grum
 13758 | D:8      | Found an opulent altar of Gozag.
 13808 | D:8      | Reached skill level 10 in Fighting
 14200 | D:9      | Noticed a two-headed ogre
 14242 | D:9      | Killed a two-headed ogre
 14243 | D:9      | Reached XP level 11. HP: 76/93 MP: 14/14
 14340 | D:9      | Noticed a two-headed ogre
 14393 | D:9      | Killed a two-headed ogre
 15062 | D:9      | Reached skill level 5 in Armour
 15940 | D:10     | Entered Level 10 of the Dungeon
 15940 | D:10     | Found a staircase to the Lair.
 16379 | D:10     | Found a broken altar of Ashenzari.
 16391 | D:10     | You fall into a shaft and drop 3 floors!
 16395 | D:13     | Noticed a manticore
 17158 | Lair:1   | Entered Level 1 of the Lair of Beasts
 17158 | Lair:1   | You fall into a shaft and drop 1 floor!
 17274 | Lair:2   | Noticed an eight-headed hydra
 17502 | Lair:2   | Noticed an eight-headed hydra
 17525 | Lair:2   | Found a staircase to the Snake Pit.
 17572 | Lair:2   | Killed an eight-headed hydra
 17583 | Lair:2   | Reached skill level 10 in Armour
 17826 | Lair:2   | Found a staircase to the Shoals.
 18127 | Lair:2   | Reached XP level 12. HP: 95/102 MP: 15/15
 18492 | Lair:1   | Reached skill level 1 in Evocations
 18646 | Lair:1   | Reached skill level 5 in Throwing
 19432 | Lair:2   | Killed an eight-headed hydra
 21778 | Lair:4   | Reached skill level 10 in Throwing
 22305 | Lair:4   | Reached skill level 5 in Evocations
 22305 | Lair:4   | Gained mutation: You can hop long distances. [Barachi
                  | growth]
 22305 | Lair:4   | Reached XP level 13. HP: 32/108 MP: 16/16
 22764 | Lair:4   | Found a runed translucent door.
 22771 | Lair:4   | Found a viscous altar of Jiyva.
 22772 | Lair:4   | Found a staircase to the Slime Pits.
 23346 | Lair:5   | Entered Level 5 of the Lair of Beasts
 24323 | Lair:5   | Reached skill level 10 in Evocations
 24453 | Lair:5   | Reached skill level 1 in Shields
 25248 | Lair:5   | Found a runed translucent door.
 25249 | Lair:5   | Noticed an ice dragon
 25265 | Lair:5   | Reached skill level 5 in Shields
 25381 | Lair:5   | Paralysed by a hornet for 1 turns
 26127 | Lair:5   | Paralysed by a hornet for 2 turns
 26255 | Lair:5   | Paralysed by a hornet for 3 turns
 26268 | Lair:5   | Reached skill level 5 in Dodging
 27216 | Lair:5   | Killed an ice dragon
 27217 | Lair:5   | Reached XP level 14. HP: 20/115 MP: 17/17
 28979 | D:12     | Noticed Urug
 29400 | D:12     | Killed Urug
 29401 | D:12     | Reached skill level 1 in Axes
 29453 | D:12     | Identified the +7 falchion of the Volcano {holy, rF+ rN+}
 29509 | D:12     | Noticed Jorgrun
 29540 | D:12     | Killed Jorgrun
 29826 | D:12     | Found a staircase to the Orcish Mines.
 30115 | D:12     | Reached skill level 5 in Axes
 30357 | D:12     | Noticed Nergalle
 30815 | D:12     | Killed Nergalle
 30834 | D:12     | Found a bloodstained altar of Trog.
 31238 | Orc:1    | Entered Level 1 of the Orcish Mines
 31788 | Orc:2    | Entered Level 2 of the Orcish Mines
 31790 | Orc:2    | Found Guoblof's Antique Armour Shoppe.
 31790 | Orc:2    | Noticed an orc warlord
 32245 | D:13     | Noticed a stone giant
 32262 | D:13     | Killed a stone giant
 32419 | D:13     | Noticed a stone giant
 32437 | D:13     | Hit by a large rock thrown by a stone giant

Illustrated notes

Levels and vault maps discovered:
D:1:      minmay_arrival_arboretum_small, layout_basic
D:2:      layout_basic, serial_shops, shop_statue,
          nicolae_shop_advertising_works [nicolae_subvault_shop_adworks], shop,
          shop
D:3:      layout_basic, overflow_temple_1_default, basic_ecumenical_altar,
          uniq_sigmund
D:4:      layout_rooms, vehumet_crystals,
          mainiacjoe_overflow_concentric_impassable,
          nemelex_diamond_rough_becter, ebering_ghost_disaster_area
D:5:      layout_loops_ring, riverfiend_overflow_shadow_ancestor,
          minmay_temple_entry_wispy, gup_ossuary_entry_pyramid, minivault_25,
          kennysheep_nub, minivault_26, minmay_misc_feat_more_columns
D:6:      layout_basic, nicolae_uskayaw_murder_on_the_dancefloor,
          gup_sewer_entry_glass, nicolae_kite_square_tiling_tiny, uniq_menkaure
D:7:      layout_basic, tgw_xom, kennysheep_generic_room_9, uniq_maggie,
          uniq_joseph
D:8:      layout_basic, nicolae_overflow_crystal_walls,
          mainiacjoe_overflow_catch_the_wave, general_overflow_altar,
          fedhas_altar_2, nrook_mini_backslash, uniq_prince_ribbit1, uniq_grum
D:9:      layout_big_octagon, serial_column_ruins, column_ruins_hut,
          column_ruins_square_huge, column_ruins_columns_corner,
          column_ruins_corridor_straight, column_ruins_grid_1,
          column_ruins_corridor_straight, column_ruins_open_tiny_water,
          column_ruins_open_small, column_ruins_columns_straight
D:10:     layout_grid_maze, mainiacjoe_overflow_chevrons, lair_entry_dummy
D:11:     layout_grid_maze, minmay_misc_feat_plants
D:12:     layout_cave_pods, minmay_orc_entry_guard_dogs, minivault_15,
          trog_antimagical, uniq_jorgrun, uniq_nergalle, uniq_urug
D:13:     minmay_bad_star, layout_rooms, chequers_serial_rivers_room_a,
          nicolae_ashenzari_skybound
Temple:   hellmonk_temple_of_storms
Lair:1:   layout_regular_city
Lair:2:   layout_regular_city, elwin_shoals_entry_stream,
          minmay_snake_entry_spellcaster, minmay_holes
Lair:3:   layout_cave_pods, serial_bayou_shore_a
Lair:4:   layout_loops_ring, slime_entry_2, hangedman_lair_generics_rect
Lair:5:   wormcave, layout_misc_corridors
Orc:1:    layout_diamond_mine, serial_shops, nicolae_shop_crystal,
          nicolae_shop_self_help
Orc:2:    grunt_orc_gardens, layout_caves, grunt_orc_garden, grunt_orc_garden,
          grunt_orc_garden, grunt_orc_garden, uniq_nessos

Skill      XL: |  1  2  3  4  5  6  7  8  9 10 11 12 13 14 |
---------------+-------------------------------------------+-----
Fighting       | 3 4 5 11 12 | 12.0
Maces & Flails | 3 4 5 7 8 10 13 14 | 14.0
Throwing       | 3 4 10 | 10.0
Armour         | 11 | 11.0
Evocations     | 5 10 | 10.0
Shields        | 5 |  5.0
Dodging        | 7 8 |  8.1
Axes           | 7 |  7.9
Spellcasting   | |  2.1
Translocations | |  3.2

Action                   |  1- 3 |  4- 6 |  7- 9 | 10-12 | 13-15 || total
-------------------------+-------+-------+-------+-------+-------++-------
Melee: Mace              |   186 |    79 |       |       |       ||   265
       Punch             |     2 |       |     8 |     4 |       ||    14
       Flail             |       |   132 |   544 |  1121 |   743 ||  2540
       Broad axe         |       |       |       |       |   195 ||   195
Throw: Boomerang         |     4 |     3 |       |    15 |    22 ||    44
       Dart              |       |       |    37 |    54 |    27 ||   118
       Throwing net      |       |       |       |       |     1 ||     1
 Abil: Hop               |     1 |     3 |     7 |    10 |    10 ||    31
Evoke: Wand              |       |       |       |     1 |     7 ||     8
       Tin of tremorston |       |       |       |       |     3 ||     3
  Use: Scroll            |       |     3 |    13 |    16 |     7 ||    39
       Potion            |       |     1 |     6 |     6 |     9 ||    22
 Stab: Invisible         |       |       |     4 |       |    15 ||    19
       Held in net/web   |       |       |       |       |     1 ||     1
Armor: Leather armour    |    70 |    50 |    56 |       |       ||   176
       Skin              |       |     6 |       |       |       ||     6
       Chain mail        |       |       |   301 |   728 |   527 ||  1556
       Scale mail        |       |       |     5 |       |       ||     5
Dodge: Dodged            |   133 |   130 |   223 |   432 |   450 ||  1368
Block: Buckler           |       |       |       |    79 |   157 ||   236
